 Dungeon Crawl Stone Soup version 0.24.0-13-gcf9b3192b9 (webtiles) character file.

Game seed: 15221391066690399824, levelgen mode: deterministic

4962 Peloso the Carver (level 10, 0/86 HPs)
             Began as a Minotaur Fighter on Nov 9, 2019.
             Was a Priest of Okawaru.
             Killed from afar by Erica (11 damage)
             ... with an orb of energy
             ... on level 9 of the Dungeon.
             The game lasted 00:15:07 (8194 turns).

Peloso the Carver (Minotaur Fighter)                Turns: 8194, Time: 00:15:08

Health: 0/86       AC:  6    Str: 27    XL:     10   Next: 28%
Magic:  8/9        EV: 12    Int:  5    God:    Okawaru [***...]
Gold:   517        SH: 14    Dex: 12    Spells: 9/9 levels left

rFire    . . .     SeeInvis +   a - +1 long sword
rCold    . . .     Gourm    .   c - +0 shield
rNeg     . . .     Faith    .   J - +0 plate armour
rPois    +         Spirit   .   (helmet restricted)
rElec    .         Reflect  .   (no cloak)
rCorr    .         Harm     .   q - +0 pair of gloves
MR       .....                  (no boots)
Stlth    ..........             (no amulet)
HPRegen  0.24/turn              D - ring of see invisible
MPRegen  0.11/turn              o - ring of poison resistance

@: mighty, heroism, corroded
A: retaliatory headbutt, horns 2
a: Heroism, Renounce Religion


You were on level 9 of the Dungeon.
You worshipped Okawaru.
Okawaru was most pleased with you.
You were hungry.

You visited 1 branch of the dungeon, and saw 9 of its levels.
You also visited: Sewer and Ossuary.

You collected 517 gold pieces.

Inventory:

Hand Weapons
 a - a +1 long sword (weapon)
 w - the +9 staff of Wucad Mu {channel}
   (You found it on level 5 of the Dungeon)
 E - a +0 spear of flaming
Armour
 b - a +0 chain mail
 c - a +0 shield (worn)
 q - a +0 pair of gloves (worn)
 J - a +0 plate armour (worn)
Jewellery
 d - an uncursed ring of wizardry
 o - a ring of poison resistance (right hand)
 D - a ring of see invisible (left hand)
 F - an uncursed ring of fire
Wands
 r - a wand of disintegration (9)
 u - a wand of flame (34)
 G - a wand of polymorph (10)
Scrolls
 g - 3 scrolls of enchant weapon
 h - 6 scrolls of teleportation
 i - a scroll of fog
 j - 3 scrolls of identify
 k - 5 scrolls of remove curse
 l - 5 scrolls of blinking
 m - a scroll of summoning
 n - 2 scrolls of fear
 s - a scroll of amnesia
 t - 3 scrolls of enchant armour
 y - 2 scrolls of magic mapping {unknown}
 H - 3 scrolls of immolation {unknown}
Potions
 e - 2 potions of flight
 p - 2 potions of might
 v - 2 potions of mutation
 x - a potion of agility
 z - a potion of magic {unknown}
 A - a potion of lignification {unknown}
 B - 2 potions of haste
 I - a potion of invisibility {unknown}
Comestibles
 f - 19 rations


   Skills:
 + Level 7.5(12.5) Fighting
 + Level 10.8(15.8) Long Blades
 + Level 9.1(14.1) Armour
 + Level 3.3(8.3) Dodging
 + Level 0.8(5.8) Stealth
 + Level 10.0(15.0) Shields
 + Level 0.1 Invocations


You had 9 spell levels left.
You didn't know any spells.
Your spell library contained the following spells:

 Spells                   Type           Power        Failure   Level  Hunger
 Corona                   Hex            #......      98%         1    ##.....
 Shock                    Conj/Air       #...         98%         1    ##.....
 Ensorcelled Hibernation  Hex/Ice        #.....       99%         2    ###....
 Swiftness                Chrm/Air       #.......     99%         2    ###....
 Confuse                  Hex            #.......     100%        3    ####...
 Dazzling Spray           Conj/Hex       #.....       100%        3    ####...
 Static Discharge         Conj/Air       #.......     100%        3    ####...
 Tukima's Dance           Hex            #.......     100%        3    ####...
 Airstrike                Air            #.........   100%        4    #####..
 Lightning Bolt           Conj/Air       #.........   100%        5    ######.


Dungeon Overview and Level Annotations

Branches:
Dungeon (9/15)             Temple (0/1) D:5           Sewer (visited)
Ossuary (visited)
   Lair: D:8-11         Orc: D:9-12

Altars:
Cheibriados
Elyvilon
Hepliaklqana
Kikubaaqudgha
Makhleb
Okawaru
Qazlal
Ru
Sif Muna
Vehumet
Wu Jian
Zin

Shops:
D:5 }   D:9 *

Annotations:
D:9 Erica


Innate Abilities, Weirdness & Mutations

You reflexively headbutt those who attack you in melee.
You have a pair of horns on your head.


Message History

Erica is moderately wounded.
Erica zaps a wand.
The bolt of acid hits you!
* * * LOW HITPOINT WARNING * * *
The acid corrodes you!
You are splashed with acid!
* * * LOW HITPOINT WARNING * * *
You closely miss Erica.
Erica is moderately wounded.
You feel better.
Erica zaps a wand.
The bolt of acid misses you.
You feel better.
Erica points at you and mumbles some strange words.
The bolt of poison hits you! You resist.
* * * LOW HITPOINT WARNING * * *
You feel very mighty all of a sudden.
Erica casts a spell.
Erica flickers and vanishes for a moment.
You closely miss Erica. You headbutt Erica!
Erica is severely wounded.
Erica casts a spell at you. The orb of energy hits you!
You die...

###### ....#
..#.# ....#
###...#
#.#...#
###+##@#...#
.......@...#
....####.#.#
# #...#
#...#
####.#.#
#....#.#
#.#....#
#......#
####.#.#


You could see Erica (invisible).

Vanquished Creatures
  A two-headed ogre (D:8)
  A troll (D:8)
  Grinder (D:3)
  A hippogriff (D:8)
  Duvessa (D:4)
  An orc warrior (D:8)
  2 ice beasts
  2 sky beasts (D:5)
  8 ogres
  A necrophage (D:8)
  2 centaurs
  A crocodile (D:8)
  A big kobold (D:7)
  4 bullfrogs
  An elf zombie (Ossuary)
  Dowan (D:4)
  A scorpion (D:6)
  4 killer bees (D:6)
  5 howler monkeys
  A crimson imp (D:8)
  2 centaur zombies (Ossuary)
  3 hounds (D:4)
  A human zombie (Ossuary)
  2 orc priests
  2 bullfrog skeletons
  An iron imp (D:8)
  6 jellies
  An orc wizard (D:7)
  An iguana (D:6)
  7 worker ants
  3 hound zombies (Ossuary)
  A hound skeleton (D:4)
  3 mummies (Ossuary)
  A howler monkey zombie (D:6)
  Robin (D:4)
  16 adders
  3 gnolls
  5 river rats (Sewer)
  A shadow imp (D:7)
  An ooze (D:3)
  6 adder zombies
  8 worms
  3 dart slugs
  A leopard gecko (D:4)
  20 orcs
  3 ball pythons
  10 bats
  10 giant cockroaches
  17 goblins
  7 hobgoblins
  12 jackals
  6 quokkas
  10 frilled lizards
  A goblin zombie (Ossuary)
  8 hobgoblin zombies (Ossuary)
  4 jackal zombies
  13 kobolds
  5 kobold zombies (Ossuary)
  2 leopard gecko skeletons (D:5)
  An orc zombie (Ossuary)
  2 quokka skeletons (D:5)
  A quokka zombie (Ossuary)
  12 rats
  2 rat zombies (Ossuary)
265 creatures vanquished.

Vanquished Creatures (others)
  A quokka (D:6)
1 creature vanquished.

Grand Total: 266 creatures vanquished

Notes
Turn   | Place    | Note
-------+----------+-------------------------------------------
     0 | D:1      | Peloso the Minotaur Fighter began the quest for the Orb.
     0 | D:1      | Reached XP level 1. HP: 19/19 MP: 0/0
   193 | D:1      | Reached XP level 2. HP: 27/27 MP: 1/1
   289 | D:1      | Reached XP level 3. HP: 25/33 MP: 2/2
  1098 | D:2      | Reached XP level 4. HP: 36/40 MP: 3/3
  1471 | D:3      | Noticed Grinder
  1481 | D:3      | Killed Grinder
  1481 | D:3      | Reached skill level 5 in Armour
  1481 | D:3      | Reached skill level 1 in Dodging
  1481 | D:3      | Reached skill level 5 in Shields
  1481 | D:3      | Reached XP level 5. HP: 6/47 MP: 4/4
  1481 | D:3      | Reached XP level 6. HP: 7/53 MP: 5/5
  1964 | D:3      | Found a faded altar of an unknown god.
  2040 | D:3      | Found a radiant altar of Vehumet.
  2292 | D:4      | Noticed Robin
  2295 | D:4      | Found a sand-covered staircase.
  2300 | D:4      | Noticed Duvessa
  2303 | D:4      | Noticed Dowan
  2305 | D:4      | Killed Robin
  2309 | D:4      | Found a sacrificial altar of Ru.
  2321 | D:4      | Killed Duvessa
  2321 | D:4      | Reached skill level 5 in Long Blades
  2323 | Ossuary  | Entered an ossuary
  2766 | Ossuary  | Reached XP level 7. HP: 60/60 MP: 6/6
  2932 | Ossuary  | Reached skill level 5 in Fighting
  3015 | D:4      | Killed Dowan
  3085 | D:4      | Found a shimmering blue altar of Sif Muna.
  3237 | D:4      | Reached XP level 8. HP: 48/69 MP: 7/7
  3728 | D:5      | Entered Level 5 of the Dungeon
  3850 | D:5      | Found an iron altar of Okawaru.
  3878 | D:5      | Became a worshipper of Warmaster Okawaru
  3922 | D:5      | Found a burning altar of Makhleb.
  3943 | D:5      | Found Yhe Qyhesi's Gadget Emporium.
  4043 | D:5      | Found a staircase to the Ecumenical Temple.
  4321 | D:5      | Found the +9 staff of Wucad Mu {channel}
  4575 | D:6      | Reached * piety under Okawaru
  4852 | D:6      | Found a glowing drain.
  4886 | Sewer    | Entered a sewer
  4893 | Sewer    | Reached XP level 9. HP: 67/78 MP: 8/8
  5210 | D:6      | Found an iron altar of Okawaru.
  5335 | D:6      | Found a stormy altar of Qazlal.
  5385 | D:6      | Found a white marble altar of Elyvilon.
  5466 | D:6      | Found a hazy altar of Hepliaklqana.
  5471 | D:6      | Found a glowing silver altar of Zin.
  5644 | D:7      | Found an ancient bone altar of Kikubaaqudgha.
  5738 | D:7      | Found a shimmering blue altar of Sif Muna.
  5928 | D:7      | Reached ** piety under Okawaru
  6412 | D:8      | Noticed a two-headed ogre
  6424 | D:8      | Killed a two-headed ogre
  6424 | D:8      | Reached skill level 10 in Long Blades
  6953 | D:8      | Reached *** piety under Okawaru
  6963 | D:8      | Reached XP level 10. HP: 75/86 MP: 9/9
  7532 | D:8      | Found an ornate altar of the Wu Jian Council.
  7691 | D:8      | Reached skill level 10 in Shields
  7878 | D:8      | Found a snail-covered altar of Cheibriados.
  8158 | D:9      | Found Tifued's General Store.
  8183 | D:9      | Noticed Erica
  8189 | D:9      | HP: 4/86 [acid (10)]
  8194 | D:9      | Killed from afar by Erica

Levels and vault maps discovered:
D:1:      dpeg_arrival_circle_labyrinth_c, layout_loops_ring
D:2:      layout_rooms, minmay_diced_spiral
D:3:      layout_rooms, lemuel_doored_altar, first_ration,
          chequers_ecumenical_altar_simple, uniq_grinder
D:4:      layout_loops_ring, kennysheep_little_box, lemuel_crystal_altar,
          nicolae_ossuary_entry_monument, uniq_duvessa, uniq_robin
D:5:      minmay_clustersquares, layout_loops_ring,
          nicolae_overflow_crystal_walls, minmay_temple_entry_statues_fountains,
          serial_shops, shop, bloody_makhleb
D:6:      layout_rooms, elyvilon_altar_4, nicolae_qazlal_style_of_elements,
          minitemple, cheibrodos_sewer_entry_sluice, grunt_decor_cap,
          chequers_serial_rivers_room_b, kennysheep_big_empty_room,
          grunt_ministairs_14, grunt_decor_one_mirror, okawaru_ov_weapons_minmay
D:7:      layout_loops_corners, kiku_gazebo_pond_becter, basic_altar
D:8:      layout_loops_ring, kennysheep_mini, slow_altar_2, grunt_ogre_cave
D:9:      layout_stronghold, chequers_temple_overflow_statue_of_worship,
          serial_shops, nicolae_shop_behind_doors, nicolae_shop_crystal, shop,
          shop_statue, shop, uniq_harold, uniq_erica

Skill      XL: |  1  2  3  4  5  6  7  8  9 10 |
---------------+-------------------------------+-----
Shields        | 4 5 6 8 9 10 | 10.0
Long Blades    | 3 4 5 7 8 10 | 10.8
Armour         | 4 5 6 7 8 9 |  9.1
Fighting       | 4 5 6 7 |  7.5
Dodging        | 1 2 3 |  3.3
Stealth        | |  0.8
Invocations    | |  0.1

Action                   |  1- 3 |  4- 6 |  7- 9 | 10-12 || total
-------------------------+-------+-------+-------+-------++-------
Melee: Long sword        |    64 |   146 |   459 |    86 ||   755
       Headbutt          |    17 |    28 |   103 |    25 ||   173
Invok: Heroism           |       |       |     2 |     1 ||     3
  Use: Potion            |     1 |     4 |     2 |     3 ||    10
       Scroll            |       |     6 |     5 |       ||    11
  Eat: Chunk             |       |     1 |    12 |     4 ||    17
       Ration            |       |     1 |     1 |       ||     2
Armor: Scale mail        |    29 |       |       |       ||    29
       Chain mail        |     8 |   105 |   191 |    30 ||   334
Dodge: Dodged            |    23 |    42 |   108 |    24 ||   197
Block: Shield            |    38 |   100 |   269 |    52 ||   459
       Rpst.: Long sword |     7 |    17 |    31 |     7 ||    62
